 Dungeon Crawl Stone Soup version 0.32-a0-42-ga30500b4d3 (webtiles) character file.

Game seed: 10851956057184500762

154693 Dirtsage the Metamorph (level 17, -40/142 HPs)
             Began as an Octopode Shapeshifter on Jan 27, 2024.
             Was an Initiate of Gozag.
             Killed from afar by Nikola (76 damage)
             ... with an arc of chain lightning
             ... on level 1 of the Snake Pit.
             The game lasted 01:21:09 (26704 turns).

Dirtsage the Metamorph (Octopode Shapeshifter)     Turns: 26704, Time: 01:21:09

Health: -40/142    AC: 14    Str: 14    XL:     17   Next: 63%
Magic:  33/35      EV: 22    Int: 22    God:    Gozag
Gold:   4658       SH:  0    Dex: 18    Spells: 8/16 levels left

rFire   + +          .
                       - Unarmed
rCold   + + .        (shield currently unavailable)
rNeg    + . .        (helmet currently unavailable)
rPois   +            W - amulet of Ygips {rF+ Regen+ rCorr}
rElec   +            S - ring of see invisible
rCorr   +            F - ring of protection from fire
SInv    +            x - ring of magical power
Will    +....        N - ring of positive energy
Stlth   ++++         C - +6 ring of intelligence
HPRegen 1.23/turn    I - ring of protection from cold
MPRegen 0.24/turn    Z - +5 ring of evasion
                     l - ring of Diroog {rC+ MP+9 Int+3}

%: no passive effects
@: snake-form
A: constrict, boosted hp, almost no armour, amphibious, 8 rings, large,
(camouflage 1), (gelatinous body 1), (nimble swimmer 1), (tentacles)
a: Begin Untransformation, Renounce Religion, Potion Petition, Call Merchant,
Bribe Branch


You were on level 1 of the Snake Pit.
You worshipped Gozag.
Gozag was most pleased with you.
You were an enormous serpent.
You visited 5 branches of the dungeon, and saw 24 of its levels.
You also visited: Ossuary and Gauntlet.

You collected 8386 gold pieces.
You spent 3500 gold pieces at shops.
You paid 228 gold pieces to Gozag.

Inventory:

Armour
 u - a +0 hat of willpower
Magical Staves
 y - a staff of death
Jewellery
 d - a ring of positive energy
 l - the ring of Diroog (on tentacle) {rC+ MP+9 Int+3}
   (You found it in a Gauntlet)

   [ring of protection from cold]

   Int+3:     It affects your intelligence (+3).
   rC+:       It protects you from cold.
   MP+9:      It affects your magic capacity (+9).
 s - a +6 ring of intelligence
 x - a ring of magical power (on tentacle)
 C - a +6 ring of intelligence (on tentacle)
 F - a ring of protection from fire (right tentacle)
 G - a ring of fire
 I - a ring of protection from cold (on tentacle)
 N - a ring of positive energy (on tentacle)
 P - a ring of ice
 S - a ring of see invisible (left tentacle)
 W - the amulet of Ygips (around neck) {rF+ Regen+ rCorr}
   (You bought it in a shop on level 9 of the Dungeon)

   [amulet of regeneration]

   rF+:       It protects you from fire.
   Regen+:    It increases your rate of health regeneration.
   rCorr:     It protects you from acid and corrosion.
 Z - a +5 ring of evasion (on tentacle)
Talismans
 K - a storm talisman
 O - the serpent talisman of the Fiend (active) {rElec Str-5 SInv}
   (You took it off Aizul on level 1 of the Snake Pit)

   [serpent talisman]

   Str-5:     It affects your strength (-5).
   rElec:     It insulates you from electricity.
   SInv:      It lets you see invisible.
Wands
 b - a wand of flame (27)
 e - a wand of polymorph (5)
 f - a wand of charming (17)
 D - a wand of digging (4)
 L - a wand of iceblast (23)
 Q - a wand of acid (4)
 V - a wand of mindburst (2)
Scrolls
 a - 3 scrolls of poison
 g - 3 scrolls of fear
 i - 6 scrolls of identify
 j - 2 scrolls of enchant armour
 m - 2 scrolls of butterflies
 o - a scroll of amnesia
 p - 3 scrolls of vulnerability
 t - 4 scrolls of teleportation
 w - 3 scrolls of immolation
 B - 4 scrolls of blinking
 H - 2 scrolls of torment
 J - 2 scrolls of noise
 T - 5 scrolls of revelation
 Y - 2 scrolls of fog
Potions
 c - 9 potions of ambrosia
 h - 2 potions of haste
 k - 3 potions of attraction
 n - 2 potions of resistance
 q - 6 potions of curing
 r - a potion of invisibility
 v - a potion of lignification
 z - 5 potions of enlightenment
 A - 6 potions of magic
 E - a potion of mutation
 M - a potion of brilliance
Miscellaneous
 R - a sack of spiders (inert)
 U - a phial of floods (inert)
 X - a phantom mirror (inert)


   Skills:
 - Level 12.0 Fighting
 - Level 12.1 Dodging
 - Level 8.1 Stealth
 - Level 12.2 Unarmed Combat
 - Level 4.0 Translocations
 - Level 8.9 Ice Magic
 + Level 18.1 Shapeshifting


You had 8 spell levels left.
You knew the following spells:

 Your Spells              Type           Power      Damage    Failure   Level
a - Gell's Gravitas       Tloc           17%        N/A       10%         3
b - Lesser Beckoning      Tloc           34%        N/A       4%          2
A - Ozocubu's Armour      Ice            39%        N/A       1%          3

Your spell library contained the following spells:

 Spells                   Type           Power      Damage    Failure   Level
 Teleport Other           Tloc           17%        N/A       10%         3
 Necrotise                Necr           0%         1d4       17%         1
 Cigotuvi's Dreadful Rot  Necr/Alch/Air  0%         N/A       26%         2
 Manifold Assault         Tloc           17%        N/A       32%         4
 Call Canine Familiar     Summ           0%         N/A       45%         3
 Fugue of the Fallen      Necr           0%         N/A       45%         3
 Sigil of Binding         Hex            0%         N/A       45%         3
 Stone Arrow              Conj/Erth      0%         3d7       45%         3
 Vampiric Draining        Necr           0%         2d6       45%         3
 Dimensional Bullseye     Hex/Tloc       4%         N/A       58%         4
 Metabolic Englaciation   Hex/Ice        9%         N/A       58%         5
 Dispel Undead            Necr           0%         3d6       86%         4
 Martyr's Knell           Necr/Summ      0%         N/A       86%         4
 Alistair's Intoxication  Alch           0%         N/A       99%         5
 Borgnjor's Vile Clutch   Necr/Erth      0%         N/A       99%         5
 Curse of Agony           Necr           0%         N/A       99%         5
 Sculpt Simulacrum        Ice/Alch       9%         N/A       99%         6
 Death Channel            Necr           0%         N/A       100%        6
 Eringya's Noxious Bog    Alch           0%         4d6       100%        6
 Haunt                    Necr/Summ      0%         N/A       100%        7
 Infestation              Necr           0%         N/A       100%        8
 Lehudib's Crystal Spear  Conj/Erth      0%         10d2      100%        8
 Animate Armour           Summ/Erth      Unusable   N/A       N/A         4
 Animate Dead             Necr           Unusable   N/A       N/A         4

Dungeon Overview and Level Annotations

Branches:
Dungeon (15/15)            Temple (1/1) D:6            Lair (5/5) D:10
 Shoals (0/4) Lair:2        Snake (1/4) Lair:3        Slime (0/5) Lair:5
    Orc (2/2) D:11            Elf (0/3) Orc:2        Vaults (0/5) D:13
Ossuary (visited)         Gauntlet (visited)
 Depths: D:15

Altars:
Ashenzari
Cheibriados
Dithmenos
Elyvilon
Fedhas
Gozag
Hepliaklqana
Kikubaaqudgha
Makhleb
Nemelex Xobeh
Okawaru
Qazlal
Ru
Sif Muna
Uskayaw
Vehumet
Wu Jian
Xom
Yredelemnul
Zin
The Shining One

Shops:
D:1 *   D:9 =   D:10 =   D:11 [   D:14 ?   Orc:2 [*[*   Snake:1 :

Portals:
Trove: D:12 (give 5 scrolls of fear)

Annotations:
D:8 3 runed translucent doors, wooly's ghost, novice DjFE
D:14 3 runed translucent doors, senseless's ghost, journeyman TrBe
Lair:1 4 exclusions
Lair:5 1 runed translucent door, Ducan's ghost, journeyman DsBe
Snake:1 Nikola


Innate Abilities, Weirdness & Mutations

You are an enormous serpent.
You have a powerful constriction melee attack.
Your maximum health is increased.
Your armour is entirely melded.
You are incapable of wielding weapons or throwing items.
You cannot wear most types of armour.
You are amphibious.
You can wear up to eight rings at the same time.
((Your skin changes colour to match your surroundings (Stealth+).))
((Your rubbery body absorbs attacks. (AC +1, EV +1)))
((You are camouflaged when in or above water. (Stealth+)))
((You have tentacles for arms and can constrict up to eight enemies at once.))


Message History

Your scorpion's corpse disappears in a puff of smoke!
You take 20 damage, and have 109/142 hp.
Casting: Lesser Beckoning (safe; 4% risk of failure)
Confirm with . or Enter, or press ? or * to list all spells.
Aiming: Lesser Beckoning (safe; 4% risk of failure)
Press: ? - help, Shift-Dir - straight line, f/p - Nikola
Aim: Nikola, wielding a +4 rapier of electrocution, wearing a +1 cloak of poison resistance and wearing a +0 pair of gloves (purple smoke, lightly wounded, unaware, hasn't noticed you, 100% to hit)
Nikola shouts!
Nikola hurls suddenly forward!
Nikola hits you with a +4 rapier of electrocution!
You take 13 damage, and have 96/142 hp.
You now have 33/35 mp.
You barely miss Nikola. You grab Nikola.
Nikola is lightly wounded.
You constrict Nikola.
Nikola gestures wildly while chanting.
Lightning arcs from Nikola's hands!
The bolt of lightning hits you!!! You resist.
* * * LOW HITPOINT WARNING * * *
A bolt of lightning appears from out of thin air!
The bolt of lightning hits Nikola!
You take 55 damage, and have 41/142 hp.
MASSIVE DAMAGE!!
You hit Nikola but do no damage.
Nikola is moderately wounded.
You constrict Nikola, but do no damage. You hit Nikola but do no damage.
Nikola is moderately wounded.
You constrict Nikola, but do no damage.
Nikola points at you and mumbles some strange words.
The bolt of lightning hits you! You resist.
* * * LOW HITPOINT WARNING * * *
You take 7 damage, and have 35/142 hp.
You hit Nikola but do no damage.
Nikola is moderately wounded.
You constrict Nikola.
Nikola gestures wildly while chanting.
Lightning arcs from Nikola's hands!
The bolt of lightning hits you!!!! You resist.
Ouch! That really hurt!
You die...
Your body crumbles into a pile of gold.

## ###### .###### ####....#####
######### ##.##.##
#...........###.##....##
.......###............##........#
....................#..##.!......
.......##......@S.####..#........
#...#.####.##....## ..#........
##.).## #.#####.# ###........
###.# ##.##......# ##....... #.##
.........# #....... ##.#
.............# ##.....# ##.##
..^..........# #.....# ...#
#............# #.###.#
#..######............## ##.# ##.


You could see Nikola.

Vanquished Creatures
  Gastronok (Lair:2)
  Aizul (Snake:1)
  A ghost moth (D:12)
  A reaper (Gauntlet)
  A minotaur (Gauntlet)
  Snorg (Orc:2)
  Josephine (Lair:5)
  A fire dragon (Lair:5)
  5 hydras
  An ice dragon (D:11)
  Fannar (Lair:2)
  3 catoblepae
  6 boulder beetles
  4 ogre magi
  An anaconda (Snake:1)
  A death knight (D:14)
  11 two-headed ogres
  2 tengu warriors (D:11)
  2 naga sharpshooters (Snake:1)
  3 centaur warriors
  A hell hog (Lair:5)
  6 death yaks
  Urug (D:12)
  A naga warrior (Snake:1)
  3 orc high priests
  A deep elf knight (D:15)
  4 skeletal warriors (D:15)
  4 skysharks
  Amaemon (D:9)
  Lodul (D:10)
  A fire crab (Gauntlet)
  A phantasmal warrior (D:14)
  A swamp dragon (Lair:5)
  8 orc knights
  2 mana vipers (Snake:1)
  A harpy (Lair:2)
  5 ugly things (D:15)
  7 orc sorcerers
  A salamander (Snake:1)
  An apocalypse crab (Gauntlet)
  3 meliai (D:15)
  12 elephants
  3 manticores
  Joseph (Lair:1)
  2 naga magi (Snake:1)
  15 black mambas
  3 kobold blastminers
  2 torpor snails
  14 cane toads
  An orange demon (D:9)
  5 rime drakes
  5 kobold demonologists
  10 komodo dragons
  A freezing wraith (D:14)
  3 tengu conjurers
  An ice devil (Gauntlet)
  Psyche (D:9)
  A queen bee (Lair:1)
  2 hellwings (Gauntlet)
  4 trolls
  11 polar bears
  A hornet (D:11)
  17 blink frogs
  4 dream sheep (Lair:3)
  A raiju (Lair:5)
  11 slime creatures
  2 shadows
  A spriggan (shapeshifter) (D:13)
  10 wraiths
  7 wyverns
  48 yaks
  A human (shapeshifter) (D:11)
  4 basilisks
  The ghost of Nebesus the Changeling, an amateur DrSh of Wu Jian (D:3)
  3 steam dragons
  3 fire bats (Gauntlet)
  7 wargs
  7 vampire mosquitoes
  An acid dragon (shapeshifter) (D:11)
  5 nagas (Snake:1)
  19 water moccasins
  4 acid dragons
  16 hell hounds (Lair:5)
  14 orc warriors
  2 sky beasts
  2 ice beasts
  12 black bears
  2 small abominations (Gauntlet)
  15 ogres
  24 wolves
  7 centaurs
  A phantom (D:4)
  4 kobold brigands
  A gnoll sergeant (D:11)
  10 bullfrogs
  6 wights
  29 killer bees
  A howler monkey (D:8)
  3 electric eels
  4 hounds
  13 orc priests
  2 sleepcaps
  4 bullfrog zombies (Ossuary)
  3 jellies
  2 gnoll boudas (D:5)
  5 iguanas
  21 orc wizards
  6 hell rats
  2 killer bee zombies (Ossuary)
  2 crocodile zombies (Ossuary)
  2 hound zombies (Ossuary)
  11 mummies (Ossuary)
  3 howler monkey zombies (Ossuary)
  15 gnolls
  9 adders
  2 shadow imps
  4 white imps
  2 ufetubi (D:5)
  A dart slug (D:4)
  2 ribbon worms
  35 orcs
  8 ball pythons
  3 endoplasms
  4 giant cockroaches
  6 goblins
  4 hobgoblins
  2 quokkas
  A ball python zombie (Ossuary)
  7 bats
  3 frilled lizards
  25 kobolds
  5 rats
723 creatures vanquished.

Notes
Turn   | Place    | Note
-------+----------+-------------------------------------------
     0 | D:1      | Dirtsage the Octopode Shapeshifter began the quest for the
                  | Orb.
     0 | D:1      | Reached XP level 1. HP: 13/13 MP: 1/1
   246 | D:1      | Reached XP level 2. HP: 18/18 MP: 2/2
   527 | D:1      | Found Acabla's Assorted Antiques.
   606 | D:1      | Found a faded altar of an unknown god.
   806 | D:2      | Found a white marble altar of Elyvilon.
   810 | D:2      | Reached XP level 3. HP: 23/23 MP: 3/3
  1421 | D:3      | Reached XP level 4. HP: 29/29 MP: 4/4
  1545 | D:3      | Found a runed translucent door.
  1554 | D:3      | Noticed Nebesus's ghost (amateur DrSh)
  1586 | D:3      | Killed Nebesus's ghost
  1587 | D:3      | Reached skill level 4 in Shapeshifting
  1587 | D:3      | Reached XP level 5. HP: 24/35 MP: 5/5
  1689 | D:3      | Found a hazy altar of Hepliaklqana.
  2003 | D:1      | Bought a marble ring for 135 gold pieces
  2190 | D:3      | Reached XP level 6. HP: 41/41 MP: 6/6
  2812 | D:4      | Found Jeal's Magic Scroll Boutique.
  2922 | D:4      | Reached skill level 5 in Shapeshifting
  2971 | D:5      | Entered Level 5 of the Dungeon
  2994 | D:5      | Reached XP level 7. HP: 45/46 MP: 7/7
  3814 | D:5      | Reached XP level 8. HP: 54/54 MP: 8/8
  4295 | D:6      | Reached skill level 5 in Unarmed Combat
  4295 | D:6      | Reached skill level 6 in Shapeshifting
  4495 | D:6      | Found a staircase to the Ecumenical Temple.
  4506 | Temple   | Entered the Ecumenical Temple
  4848 | D:7      | Found a sand-covered staircase.
  4895 | Ossuary  | Entered an ossuary
  4921 | Ossuary  | Reached skill level 5 in Dodging
  4989 | Ossuary  | Reached skill level 7 in Shapeshifting
  5069 | Ossuary  | Reached XP level 9. HP: 60/60 MP: 9/9
  5127 | Ossuary  | Reached skill level 5 in Fighting
  5545 | D:7      | Found a sacrificial altar of Ru.
  6121 | D:8      | Reached skill level 8 in Shapeshifting
  6139 | D:8      | Found a runed translucent gate.
  6139 | D:8      | Found a runed translucent gate.
  6139 | D:8      | Found a runed translucent gate.
  6189 | D:8      | Noticed a two-headed ogre
  6220 | D:8      | HP: 2/62 [two-headed ogre/+0 giant club (25)]
  6225 | D:8      | Killed a two-headed ogre
  6490 | D:8      | Noticed wooly's ghost (novice DjFE)
  6551 | D:9      | Found Feq Zitogasm's Jewellery Boutique.
  6574 | D:9      | Noticed Psyche
  6576 | D:9      | Found an ancient bone altar of Kikubaaqudgha.
  6580 | D:9      | Killed Psyche
  6581 | D:9      | Reached XP level 10. HP: 64/68 MP: 10/10
  6630 | D:9      | Noticed an orange demon
  6631 | D:9      | Noticed Amaemon
  6873 | D:9      | Learned a level 3 spell: Ozocubu's Armour
  6950 | D:9      | Killed Amaemon
  6951 | D:9      | Reached skill level 1 in Ice Magic
  6951 | D:9      | Reached skill level 9 in Shapeshifting
  6955 | D:9      | Killed an orange demon
  7061 | D:9      | Found a stormy altar of Qazlal.
  7063 | D:9      | Found an opulent altar of Gozag.
  7142 | D:9      | Found a shimmering altar of Xom.
  7144 | D:9      | Found a basalt altar of Yredelemnul.
  7346 | D:10     | Entered Level 10 of the Dungeon
  7505 | D:10     | Found a staircase to the Lair.
  7505 | D:10     | Noticed an elephant
  7534 | D:10     | Killed an elephant
  7586 | D:10     | Found a white marble altar of Elyvilon.
  7591 | D:10     | Found a radiant altar of Vehumet.
  7591 | D:10     | Found an ornate altar of the Wu Jian Council.
  7595 | D:10     | Found a glowing golden altar of the Shining One.
  7758 | D:10     | Found Otofepn's Jewellery Boutique.
  7778 | D:10     | Noticed Lodul
  7796 | D:10     | Killed Lodul
  7805 | D:10     | Reached XP level 11. HP: 75/75 MP: 11/11
  7853 | D:9      | Became a worshipper of Gozag Ym Sagoz the Greedy
  7961 | D:10     | Reached skill level 10 in Shapeshifting
  8132 | D:9      | Bought a serpent talisman for 480 gold pieces
  8215 | Lair:1   | Entered Level 1 of the Lair of Beasts
  8744 | Lair:1   | Reached skill level 11 in Shapeshifting
  8802 | Lair:1   | Noticed Joseph
  8830 | Lair:1   | Reached XP level 12. HP: 83/83 MP: 12/12
  8859 | Lair:1   | Killed Joseph
  8860 | Lair:1   | Reached skill level 5 in Ice Magic
  8907 | Lair:1   | Identified the +1 dagger of Zet Joe {vamp, ^Contam rElec
                  | Str+3}
  9308 | Lair:2   | Noticed Gastronok
  9670 | D:9      | Bought the amulet of Ygips {rF+ Regen+ rCorr} for 793 gold
                  | pieces
 10217 | Lair:2   | Noticed a catoblepas
 10235 | Lair:2   | Killed a catoblepas
 10288 | Lair:2   | Noticed a skyshark
 10301 | Lair:2   | Killed a skyshark
 10504 | Lair:2   | Reached skill level 12 in Shapeshifting
 10685 | Lair:2   | Found a staircase to the Shoals.
 11037 | Lair:2   | Killed Gastronok
 11117 | Lair:2   | Noticed Fannar
 11224 | D:10     | Bought a ring of protection from cold for 300 gold pieces
 11358 | Lair:2   | Killed Fannar
 11533 | Lair:3   | Reached XP level 13. HP: 90/90 MP: 13/13
 11941 | Lair:3   | Found a staircase to the Snake Pit.
 11986 | Lair:3   | Reached skill level 10 in Unarmed Combat
 12399 | Lair:3   | Reached skill level 10 in Dodging
 12543 | Lair:3   | Reached skill level 13 in Shapeshifting
 13079 | Lair:4   | Reached skill level 10 in Fighting
 14365 | Lair:5   | Entered Level 5 of the Lair of Beasts
 14420 | Lair:5   | Reached XP level 14. HP: 99/99 MP: 14/14
 15075 | Lair:5   | Noticed Josephine
 15106 | Lair:5   | Killed Josephine
 15198 | Lair:5   | Reached skill level 14 in Shapeshifting
 15781 | Lair:5   | Found a runed translucent door.
 15782 | Lair:5   | Noticed Ducan's ghost (journeyman DsBe)
 15971 | Lair:5   | Found a staircase to the Slime Pits.
 17041 | D:11     | Found Jinesujewn's Armour Shoppe.
 17044 | D:11     | Found a staircase to the Orcish Mines.
 17875 | D:12     | Found a portal to a secret trove of treasure.
 17884 | D:12     | Noticed Urug
 17898 | D:12     | Killed Urug
 17940 | D:11     | Learned a level 3 spell: Gell's Gravitas
 17943 | D:11     | Learned a level 2 spell: Lesser Beckoning
 18087 | Orc:1    | Entered Level 1 of the Orcish Mines
 18202 | Orc:1    | Reached XP level 15. HP: 69/107 MP: 15/15
 18505 | Orc:1    | Reached skill level 1 in Translocations
 18815 | Orc:2    | Entered Level 2 of the Orcish Mines
 18883 | Orc:2    | Found a staircase to the Elven Halls.
 19149 | Orc:2    | Reached skill level 15 in Shapeshifting
 19582 | Orc:2    | Found Amarunk's General Store.
 19582 | Orc:2    | Found Peurosh's Armour Emporium.
 19603 | Orc:2    | Found Beowauf's Armour Boutique.
 19603 | Orc:2    | Found Limo's Assorted Antiques.
 19621 | Orc:2    | Bought a scroll of fear for 44 gold pieces
 19632 | Orc:2    | Bought a scroll of poison for 116 gold pieces
 19632 | Orc:2    | Bought a runed jade amulet for 145 gold pieces
 19632 | Orc:2    | Bought a potion of haste for 290 gold pieces
 19632 | Orc:2    | Bought a scroll of identify for 58 gold pieces
 19632 | Orc:2    | Bought a potion of curing for 87 gold pieces
 19632 | Orc:2    | Bought 3 scrolls of revelation for 652 gold pieces
 19815 | Orc:2    | Found a radiant altar of Vehumet.
 19817 | Orc:2    | Noticed Snorg
 19827 | Orc:2    | Killed Snorg
 21038 | D:12     | Noticed Rupert
 21040 | D:12     | Paralysed by Rupert for 4 turns
 21044 | D:12     | Rupert changed into Rupert the ghost moth
 21044 | D:12     | Noticed Rupert
 21051 | D:12     | Killed Rupert the ghost moth
 21774 | D:13     | Found a gate leading to a gauntlet.
 21789 | Gauntlet | Entered a Gauntlet
 21789 | Gauntlet | Found a transporter.
 21803 | Gauntlet | Found a transporter.
 21806 | Gauntlet | Found a transporter.
 21807 | Gauntlet | Found a transporter.
 21815 | Gauntlet | Found a transporter.
 21818 | Gauntlet | Found a transporter.
 21819 | Gauntlet | Found a transporter.
 21828 | Gauntlet | Found a transporter.
 21830 | Gauntlet | Found a transporter.
 21831 | Gauntlet | Found a transporter.
 21839 | Gauntlet | Found a transporter.
 21842 | Gauntlet | Found a transporter.
 21843 | Gauntlet | Found a transporter.
 21851 | Gauntlet | Found a transporter.
 22045 | Gauntlet | Identified the +4 whip of Lippu {distort, Will+ rCorr}
 22196 | Gauntlet | Identified the ring of Diroog {rC+ MP+9 Int+3}
 22309 | Gauntlet | Identified the +0 storm dragon scales "Vitaru" {rElec Str+2
                  | Int+3}
 22755 | D:13     | Found a gate to the Vaults.
 22811 | D:13     | Reached skill level 16 in Shapeshifting
 22986 | D:14     | Noticed senseless's ghost (journeyman TrBe)
 23021 | D:14     | Reached XP level 16. HP: 114/114 MP: 16/16
 23142 | D:14     | Found Cesoits's Magic Scroll Boutique.
 23176 | D:14     | Reached XP level 17. HP: 119/119 MP: 17/17
 23592 | D:14     | Found a runed translucent gate.
 23592 | D:14     | Found a runed translucent gate.
 23592 | D:14     | Found a runed translucent gate.
 23946 | D:14     | Found a glowing silver altar of Zin.
 24003 | D:15     | Entered Level 15 of the Dungeon
 24390 | D:15     | Found an iron altar of Okawaru.
 24437 | D:15     | Reached skill level 17 in Shapeshifting
 24882 | Snake:1  | Entered Level 1 of the Snake Pit
 25016 | D:9      | Bought a ring of protection from fire for 400 gold pieces
 25320 | Snake:1  | Found Gyupaepte's Tiny Tomes.
 25382 | Snake:1  | Noticed Nikola
 25584 | Snake:1  | Identified the +2 great mace of the Maze {holy, *Corrode
                  | Fly rElec rN+++}
 25657 | Snake:1  | Identified the serpent talisman of the Fiend {rElec Str-5
                  | SInv}
 25657 | Snake:1  | Noticed Aizul
 25704 | Snake:1  | Killed Aizul
 26092 | Snake:1  | Reached skill level 18 in Shapeshifting
 26704 | Snake:1  | Killed from afar by Nikola

Illustrated notes

Levels and vault maps discovered:
D:1:      dpeg_arrival_castle, layout_loops_ring, ebering_ecumenical_altar_hall,
          serial_shops, shop
D:2:      layout_rooms, basic_altar, amcnicky_mini_pool_small,
          kennysheep_generic_room_7
D:3:      layout_basic, nicolae_hepliaklqana_hippocampus,
          ebering_ghost_reflecting_pool
D:4:      layout_rooms, serial_shops, shop
D:5:      layout_basic
D:6:      layout_loops_cross, minmay_temple_entry_antechambers
D:7:      layout_layer_cave, nicolae_ru_sacrificial_ziggurat,
          nicolae_ossuary_entry_monument
D:8:      layout_cave_pools, gammafunk_ghost_icy, serial_bayou,
          serial_bayou_crossing, serial_bayou_shore_b, serial_bayou_ford_a
D:9:      layout_small_grid, mainiacjoe_overflow_catwalk,
          nicolae_overflow_hidden_temple, serial_shops, shop, uniq_psyche,
          uniq_amaemon
D:10:     layout_basic, trog_butcher_becter, grunt_temple_overflow_open,
          david_lair_generic, serial_shops, shop, uniq_lodul
D:11:     wad_statue_garden, layout_layer_cave, orc_david_3
D:12:     layout_cave_pools, enter_trove_6, uniq_rupert, uniq_urug
D:13:     layout_rooms, david_vaults_2, gauntlet_entry_generic
D:14:     layout_roguey, gammafunk_ghost_split, dreamdust_princess_bridge,
          serial_shops, shop, serial_corexii_hall, corexii_hall_statues_i,
          corexii_hall_statues_deadend, zin_statuary
D:15:     hangedman_depths_entry_civil_slaughter, layout_cross, hex_tiny,
          okawaru_trees_1
Temple:   chequers_temple_sunken
Lair:1:   layout_roguey [special_room_bee], nicolae_lair_liquid_snakes,
          uniq_joseph
Lair:2:   layout_cave_pods, mainiacjoe_shoals_entry_four_pools, uniq_gastronok,
          uniq_fannar
Lair:3:   layout_chaotic_city, minmay_snake_entry_six_corridors
Lair:4:   cheibrodos_lair_river_kwai, layout_long_grid
Lair:5:   guppyfry_lair_end_dragon, layout_cave_pods,
          hangedman_lair_caniforms_friends, dpeg_slime_entry_enclosed,
          gammafunk_ghost_grave, serial_bayou_shore_b,
          infiniplex_staircase_pool_2, uniq_josephine
Snake:1:  layout_chambers, nicolae_shop_i_like_small_books_too, uniq_nikola,
          uniq_aizul
Orc:1:    layout_caves
Orc:2:    st_orc_elflike, layout_caves, basic_altar, uniq_snorg

Skill      XL: |  1  2  3  4  5  6  7  8  9 10 11 12 13 14 15 16 17 |
---------------+----------------------------------------------------+-----
Fighting       | 2 3 4 6 7 8 9 10 11 12 | 12.0
Dodging        | 3 4 5 6 7 8 9 10 11 12 | 12.1
Shapeshifting  | 4 5 7 8 9 11 12 13 14 16 18 | 18.1
Unarmed Combat | 4 5 6 7 8 9 10 11 12 | 12.2
Ice Magic      | 3 4 6 7 8 |  8.9
Translocations | 4 |  4.0
Stealth        | 8 |  8.1

Action                     |  1- 3 |  4- 6 |  7- 9 | 10-12 | 13-15 | 16-18 || total
---------------------------+-------+-------+-------+-------+-------+-------++-------
  Melee: Unarmed           |    64 |    77 |   240 |   577 |  1426 |   372 ||  2756
         Constrict         |    17 |    16 |    59 |   103 |   281 |    65 ||   541
         Tentacles         |     9 |    16 |    79 |    54 |       |       ||   158
         Punch             |     1 |     2 |    16 |     2 |       |     3 ||    24
   Cast: Ozocubu's Armour  |       |       |       |    16 |    61 |    20 ||    97
         Lesser Beckoning  |       |       |       |       |    12 |    25 ||    37
  Evoke: Wand              |       |     1 |       |       |     4 |     2 ||     7
         Phial of floods   |       |       |       |       |       |     1 ||     1
         Sack of spiders   |       |       |       |       |       |     1 ||     1
         Phantom mirror    |       |       |       |       |       |     1 ||     1
    Use: Potion            |       |     1 |       |     7 |     6 |     5 ||    19
         Scroll            |       |       |    16 |     7 |    13 |     2 ||    38
   Stab: Sleeping          |     5 |     3 |     6 |     1 |       |     5 ||    20
         Distracted        |       |       |     2 |     2 |    15 |     1 ||    20
 Armour: Skin              |    21 |    28 |    71 |   362 |   925 |   185 ||  1592
  Dodge: Dodged            |    39 |    36 |   113 |   380 |  1002 |   231 ||  1801
   Form: Flux              |       |       |     1 |       |       |       ||     1
         Serpent           |       |       |       |     1 |       |     1 ||     2

Table legend: (Time is in decaauts)
 A = Elapsed time spent in this place.
 B = Non-inter-level travel time spent in this place.
 C = Inter-level travel time spent in this place.
 D = Time resting spent in this place.
 E = Time spent auto-exploring this place.
 F = Levels seen in this place.
 G = Mean time per level.
                   A        B        C        D        E       F      G
               +--------+--------+--------+--------+--------+-----+--------+
         Total |  26275 |  23634 |   2641 |    537 |  16717 |  26 | 1010.6 |
       Dungeon |  13268 |  11672 |   1596 |     64 |   8951 |  15 |  884.5 |
        Temple |      1 |      1 |      0 |      0 |      0 |   1 |    1.0 |
          Lair |   8550 |   7623 |    927 |    308 |   4750 |   5 | 1710.0 |
     Snake Pit |   1534 |   1531 |      3 |     82 |   1214 |   1 | 1534.0 |
  Orcish Mines |   1868 |   1754 |    114 |     71 |   1158 |   2 |  934.0 |
       Ossuary |    438 |    438 |      0 |     12 |    226 |   1 |  438.0 |
      Gauntlet |    612 |    612 |      0 |      0 |    418 |   1 |  612.0 |
               +--------+--------+--------+--------+--------+-----+--------+

Top non-repeatable levels by time:
  Lair:5: 2403 daAuts
  Lair:2: 1900 daAuts
    D:11: 1882 daAuts
  Lair:4: 1587 daAuts
 Snake:1: 1534 daAuts
  Lair:1: 1438 daAuts
  Lair:3: 1220 daAuts
   Orc:2: 1105 daAuts
     D:5: 1076 daAuts
    D:10: 1053 daAuts
    D:14: 1045 daAuts
     D:3: 1024 daAuts
     D:9: 915 daAuts
     D:1: 913 daAuts
    D:12: 879 daAuts
